 Dungeon Sprint DCSS version 0.25-a0-474-ga8a2ee3166 (webtiles) character file.

Game seed: 13581841877349860905, levelgen mode: deterministic

10200000 ICC the Axe Maniac (level 27, -7/171 (174) HPs)
             Began as a Spriggan Monk on Feb 7, 2020.
             Was the Champion of Makhleb.
             Killed by divine providence
             ... invoked by an observer
              (16 damage)
             ... in the Dungeon (Sprint VIII: "Arena of Blood").
             The game lasted 00:07:29 (102 turns).

ICC the Axe Maniac (Spriggan Monk)                   Turns: 102, Time: 00:07:29

HP:   -7/171 (174)  AC:  4    Str:  7    XL:     27
MP:   36/55         EV: 44    Int: 15    God:    Makhleb [******]
Gold: 0             SH:  0    Dex: 28    Spells: 80/80 levels left

rFire    . . .     SeeInvis +   j - +∞ Axe of Woe
rCold    . . .     Gourm    .   (shield currently unavailable)
rNeg     . . .     Faith    .   b - +0 robe
rPois    .         Spirit   .   (helmet restricted)
rElec    .         Reflect  .   (no cloak)
rCorr    .         Harm     .   (gloves unavailable)
MR       ++++.     NoTele   +   (boots unavailable)
Stlth    +++++++++.             (no amulet)
HPRegen  0.38/turn              (no ring)
MPRegen  0.34/turn              (no ring)

@: hasted, very quick
A: very small, unfitting armour, see invisible, herbivore, speed 3, slow
metabolism 2
a: Minor Destruction, Lesser Servant of Makhleb, Major Destruction, Greater
Servant of Makhleb, Renounce Religion


You were in the Dungeon.
You worshipped Makhleb.
Makhleb was exalted by your worship.
You were full.

You visited 1 branch

Inventory:

Hand Weapons
 a - a +0 hand axe
 j - the +∞ Axe of Woe (weapon)
   (You found it in the Dungeon)
Armour
 b - a +0 robe (worn)
Scrolls
 i - a scroll of blinking
Potions
 d - a potion of curing
 e - a potion of heal wounds
 g - 2 potions of magic
 h - a potion of berserk rage


   Skills:
 O Level 27 Fighting
 O Level 27 Axes
 O Level 27 Throwing
 O Level 27 Armour
 O Level 27 Dodging
 O Level 27 Stealth
 O Level 27 Unarmed Combat
 O Level 27 Spellcasting
 O Level 27 Invocations


You had 80 spell levels left.
You didn't know any spells.
Your spell library was empty.

Dungeon Overview and Level Annotations

Branches:
Dungeon (1/1)

Altars:
Makhleb


Innate Abilities, Weirdness & Mutations

You are very small and have problems with some larger weapons.
You are too small for most types of armour.
You have supernaturally acute eyesight. (SInv)
You are a herbivore.
You cover ground extremely quickly.
You need to consume almost no food.


Message History

The eight-headed meat hydra calls on the powers of darkness!
The eight-headed meat hydra convulses!
The bag of meat convulses! x2
The eight-headed meat hydra convulses!
Your body is wracked with pain!
The observer gazes at you.
The fireball explodes!
The fireball engulfs you!!!
* * * LOW HITPOINT WARNING * * *
You hear a shout! x2
Unknown command.
Unknown command.
You feel yourself speed up.
You hear a shout! x4
The meat beast bites you!
* * * LOW HITPOINT WARNING * * *
The meat beast misses you.
The tyrant mumbles some strange words.
The tyrant seems to speed up.
You hear a shout! x3
The observer gazes at you. Something smites you!
You die...

... ### ..... ####..
o..##.# ##.....% ........
.......%####.....##.##.
.......#................
........#))........#.#..
.DD.oo))#)D.............
...###)X@#).............
#...))2#.....O.......
%....XXG..%.)))).......
.%..#...X.....))).....V.
.....#LX.O%...#)).....#
....XX..#.....#.%)....#
.....#....%%###).)....###
........%.%%..))###.....
.....#o......._......


You could see a meat beast, a tyrant, 3 eight-headed meat hydras, an observer
(invisible), 7 large abominations, a meat berserker (berserk) and 2 bags of
meat.

Vanquished Creatures
  6 hell beasts (D)
  2 greater mummies (D)
  A great orb of eyes (D)
  2 wraiths (D)
  13 vampire knights (D)
  19 ogres (D)
  6 two-headed ogres (D)
  2 liches (D)
  69 orcs (D)
  3 phantoms (D)
  6 skeletal warriors (D)
  2 large abominations (D)
  6 small abominations (D)
  9 crawling corpses (D)
146 creatures vanquished.

Vanquished Creatures (others)
  2 crawling corpses (D)
2 creatures vanquished.

Grand Total: 148 creatures vanquished

Notes
Turn   | Place    | Note
-------+----------+-------------------------------------------
     0 | D        | Found the +∞ Axe of Woe
     0 | D        | ICC the Spriggan Monk began the quest for the Orb.
     0 | D        | Reached XP level 1. HP: 11/11 MP: 2/2
     1 | D        | Noticed a bag of meat
     2 | D        | Noticed a bag of meat
     3 | D        | Became a worshipper of Makhleb the Destroyer
     3 | D        | Reached * piety under Makhleb
     3 | D        | Reached ** piety under Makhleb
     3 | D        | Noticed a bag of meat
     5 | D        | Noticed a bag of meat
     5 | D        | Noticed a bag of meat
     5 | D        | Noticed a bag of meat
     5 | D        | Noticed a bag of meat
     6 | D        | Noticed a bag of meat
     6 | D        | Noticed a bag of meat
     8 | D        | Noticed a meat berserker
     8 | D        | Killed a bag of meat
     8 | D        | Reached XP level 2. HP: 16/16 MP: 3/3
     8 | D        | Reached XP level 3. HP: 19/19 MP: 4/4
     8 | D        | Reached XP level 4. HP: 23/23 MP: 5/5
     8 | D        | Reached XP level 5. HP: 27/27 MP: 6/6
     8 | D        | Reached XP level 6. HP: 32/32 MP: 7/7
     8 | D        | Reached XP level 7. HP: 35/35 MP: 8/8
     8 | D        | Reached XP level 8. HP: 39/39 MP: 9/9
     8 | D        | Reached XP level 9. HP: 43/43 MP: 10/10
     8 | D        | Reached XP level 10. HP: 47/47 MP: 11/11
     8 | D        | Reached XP level 11. HP: 51/51 MP: 12/12
     8 | D        | Noticed a bag of meat
     9 | D        | Killed a bag of meat
     9 | D        | Reached XP level 12. HP: 56/56 MP: 13/13
     9 | D        | Noticed a bag of meat
     9 | D        | Noticed a bag of meat
    10 | D        | Killed a bag of meat
    10 | D        | Reached skill level 10 in Fighting
    10 | D        | Reached XP level 13. HP: 72/72 MP: 14/14
    10 | D        | Noticed a bag of meat
    10 | D        | Noticed a bag of meat
    10 | D        | Noticed a bag of meat
    11 | D        | Killed a meat berserker
    11 | D        | Reached *** piety under Makhleb
    11 | D        | Reached skill level 27 in Axes
    11 | D        | Reached XP level 14. HP: 91/91 MP: 15/15
    12 | D        | Killed a bag of meat
    12 | D        | Reached XP level 15. HP: 100/100 MP: 16/16
    14 | D        | Reached **** piety under Makhleb
    14 | D        | Reached XP level 16. HP: 116/116 MP: 17/17
    15 | D        | Noticed a meat berserker
    17 | D        | Reached skill level 27 in Fighting
    17 | D        | Reached skill level 5 in Throwing
    17 | D        | Reached skill level 5 in Invocations
    18 | D        | Noticed a meat berserker
    19 | D        | Reached ***** piety under Makhleb
    19 | D        | Reached XP level 17. HP: 121/121 MP: 17/33
    20 | D        | Reached skill level 15 in Dodging
    21 | D        | Killed a meat berserker
    21 | D        | Reached skill level 10 in Armour
    21 | D        | Reached skill level 15 in Spellcasting
    21 | D        | Reached XP level 18. HP: 127/127 MP: 17/39
    21 | D        | Reached skill level 15 in Throwing
    21 | D        | Reached skill level 15 in Invocations
    23 | D        | Killed a meat berserker
    23 | D        | Reached ****** piety under Makhleb
    23 | D        | Reached skill level 15 in Unarmed Combat
    23 | D        | Reached XP level 19. HP: 132/132 MP: 18/44
    23 | D        | Reached skill level 15 in Armour
    23 | D        | Reached skill level 27 in Stealth
    23 | D        | Reached skill level 27 in Dodging
    23 | D        | Reached XP level 20. HP: 137/137 MP: 18/49
    23 | D        | Noticed a destroyer
    24 | D        | Noticed a large bag of meat
    25 | D        | Noticed a large bag of meat
    25 | D        | Noticed a destroyer
    26 | D        | Noticed a destroyer
    26 | D        | Noticed a large bag of meat
    31 | D        | Killed a destroyer
    31 | D        | Reached skill level 27 in Spellcasting
    31 | D        | Killed a large bag of meat
    31 | D        | Reached XP level 21. HP: 142/142 MP: 19/53
    33 | D        | Noticed a large bag of meat
    33 | D        | Noticed a destroyer
    36 | D        | Reached skill level 27 in Throwing
    36 | D        | Reached skill level 27 in Invocations
    37 | D        | Reached XP level 22. HP: 148/148 MP: 21/54
    37 | D        | Killed a destroyer
    37 | D        | Reached skill level 27 in Armour
    37 | D        | Reached skill level 27 in Unarmed Combat
    37 | D        | Noticed a destroyer
    38 | D        | Reached XP level 23. HP: 153/153 MP: 21/55
    38 | D        | Noticed a destroyer
    39 | D        | Killed a destroyer
    39 | D        | Noticed a destroyer
    40 | D        | Reached XP level 24. HP: 158/158 MP: 21/55
    40 | D        | Killed a destroyer
    40 | D        | Noticed a destroyer
    40 | D        | Noticed a destroyer
    40 | D        | Noticed a destroyer
    42 | D        | Killed a large bag of meat
    43 | D        | Noticed a destroyer
    43 | D        | Killed a destroyer
    43 | D        | Reached XP level 25. HP: 143/163 MP: 22/55
    45 | D        | Killed a destroyer
    45 | D        | Reached XP level 26. HP: 169/169 MP: 23/55
    46 | D        | Killed a large bag of meat
    46 | D        | Killed a large bag of meat
    46 | D        | Reached XP level 27. HP: 174/174 MP: 23/55
    46 | D        | Noticed a large bag of meat
    47 | D        | Killed a destroyer
    48 | D        | Killed a destroyer
    50 | D        | Killed a destroyer
    50 | D        | Noticed a tyrant
    51 | D        | Noticed an accursed
    54 | D        | Noticed an accursed
    55 | D        | Killed a large bag of meat
    56 | D        | Noticed a large bag of meat
    59 | D        | Killed a destroyer
    61 | D        | Killed a tyrant
    63 | D        | Noticed a meat beast
    65 | D        | Killed a large bag of meat
    65 | D        | Noticed a tyrant
    65 | D        | Noticed a destroyer
    66 | D        | Killed an accursed
    67 | D        | Killed a meat beast
    68 | D        | Killed an accursed
    73 | D        | Noticed a destroyer
    74 | D        | Noticed a dread
    75 | D        | Killed a tyrant
    78 | D        | Killed a destroyer
    78 | D        | Noticed a meat beast
    80 | D        | Noticed a meat beast
    82 | D        | Killed a meat beast
    83 | D        | Noticed a meat beast
    83 | D        | Killed a dread
    84 | D        | Killed a meat beast
    85 | D        | Killed a destroyer
    86 | D        | Killed a meat beast
    86 | D        | Noticed a meat beast
    87 | D        | Noticed a meat beast
    89 | D        | Killed a destroyer
    90 | D        | Noticed a dread
    91 | D        | Killed a meat beast
    93 | D        | Noticed a meat beast
    94 | D        | Noticed a tyrant
    98 | D        | Killed a meat beast
   100 | D        | Killed a dread
   102 | D        | Killed from afar by an observer

Levels and vault maps discovered:
D:        meatsprint

Skill      XL: |  1  2  3  4  5  6  7  8  9 10 11 12 13 14 15 16 17 18 19 20 21 22 |
---------------+-------------------------------------------------------------------+-----
Axes           | 22 25 26 27 | 27.0
Fighting       | 10 18 21 26 27 | 27.0
Throwing       | 9 14 18 21 25 27 | 27.0
Armour         | 7 11 14 17 20 24 27 | 27.0
Dodging        | 13 19 24 27 | 27.0
Stealth        | 14 20 25 27 | 27.0
Unarmed Combat | 8 12 15 18 22 26 27 | 27.0
Spellcasting   | 11 16 20 24 27 | 27.0
Invocations    | 9 14 18 21 25 27 | 27.0

Action                   |  1- 3 |  4- 6 |  7- 9 | 10-12 | 13-15 | 16-18 | 19-21 | 22-24 | 25-27 || total
-------------------------+-------+-------+-------+-------+-------+-------+-------+-------+-------++-------
Melee: Broad axe         |     1 |       |       |     2 |     4 |     5 |     6 |     6 |    49 ||    73
  Use: Potion            |       |       |       |       |       |       |       |       |     1 ||     1
  Eat: Ration            |       |       |       |       |       |     1 |       |       |       ||     1
Dodge: Dodged            |       |       |       |       |       |       |       |       |    11 ||    11

Table legend:
 A = Non-vault XP
 B = Vault XP
 C = Vault XP percentage of total XP
 D = Non-vault monster count
 E = Vault monster count
 F = Vault count percentage of total count
                 A         B        C        D         E       F
            +---------+---------+-------+---------+---------+-------
      Total | 2931474 | 1428965 |  32.8 |      70 |      67 |  48.9
            +---------+---------+-------+---------+---------+-------
          D | 2931474 | 1428965 |  32.8 |      70 |      67 |  48.9
            +---------+---------+-------+---------+---------+-------
